 Dungeon Crawl Stone Soup version 0.26-a0-112-g824cf5a (webtiles) character file.

Game seed: 11394364669792431342

45 Chirpers the Skirmisher (level 3, -1/34 HPs)
             Began as a Naga Fighter on June 24, 2020.
             Slain by a gnoll
             ... wielding a +2 spear of freezing
              (6 damage)
             ... on level 2 of the Dungeon.
             The game lasted 00:01:39 (1255 turns).

Chirpers the Skirmisher (Naga Fighter)              Turns: 1255, Time: 00:01:40

Health: -1/34      AC:  4    Str: 19    XL:     3   Next: 64%
Magic:  3/3        EV:  5    Int:  8    God:
Gold:   46         SH:  8    Dex: 10    Spells: 2/2 levels left

rFire    . . .     SeeInvis +   a - +0 war axe
rCold    . . .     Faith    .   c - +0 kite shield
rNeg     . . .     Spirit   .   b - +0 scale mail
rPois    +         Reflect  .   (no helmet)
rElec    .         Harm     .   (no cloak)
rCorr    .                      (no gloves)
MR       .....                  (no barding)
Stlth    ..........             (no amulet)
HPRegen  0.11/turn              (no ring)
MPRegen  0.08/turn              (no ring)

@: very slow
A: large, see invisible, deformed body, poison resistance, slowness 2, slow
metabolism 1, spit poison 1, AC +1
a: Spit Poison


You were on level 2 of the Dungeon.
You were not hungry.

You visited 1 branch of the dungeon, and saw 2 of its levels.

You collected 46 gold pieces.

Inventory:

Hand Weapons
 a - a +0 war axe (weapon)
Armour
 b - a +0 scale mail (worn)
 c - a +0 kite shield (worn)
 e - a +0 chain mail
Scrolls
 h - a scroll of enchant armour {unknown}
 j - a scroll of magic mapping {unknown}
 k - a scroll of teleportation {unknown}
Potions
 d - a potion of might
 i - 2 potions of resistance {unknown}
 l - a potion of heal wounds {unknown}
Comestibles
 f - 2 rations
 g - a chunk of flesh


   Skills:
 + Level 3.4 Fighting
 - Level 2.0 Axes
 + Level 3.0 Armour
 + Level 0.5 Dodging
 + Level 2.8 Shields


You had 2 spell levels left.
You didn't know any spells.
Your spell library was empty.

Dungeon Overview and Level Annotations

Branches:
Dungeon (2/15)

Altars:


Innate Abilities, Weirdness & Mutations

You cannot wear boots.
Your serpentine skin is tough. (AC +1)
You have supernaturally acute eyesight. (SInv)
Armour fits poorly on your strangely shaped body.
Your system is resistant to poisons. (rPois)
You cover ground very slowly.
You have a slow metabolism.
You can spit poison.


Message History

You shred the net and break free! You block the gnoll's attack.
You block the gnoll's attack.
The gnoll looks more healthy.
You block the gnoll's attack. The gnoll hits you but does no damage.
Press: ? - help, Shift-Dir - straight line, f/p - gnoll
Aim: a gnoll, wielding a +0 club (almost dead)
The splash of poison hits the gnoll.
The gnoll is poisoned.
You kill the gnoll!
Your Armour skill increases to level 3!
You feel slightly more hungry.
The gnoll hits you from afar with a +0 spear.
The gnoll barely misses you.
The gnoll hits you from afar with a +0 spear!
* * * LOW HITPOINT WARNING * * *
The kobold barely misses you.
There is a stone staircase leading up here.
You have got your breath back.
You block the gnoll's attack.
The gnoll hits you from afar with a +2 spear of freezing.
You die...

### ..# ######.# #....#.#
#.##.#.##### #..g)......#
#@Kg.......# #..........#
.. #..........#
.####..........#
#.#..#.##.......#
#.#....##.#####.#
.#.......# #.#
.########+#......#..# #†#
...#......##....#..#####g#


You could see 2 gnolls and a kobold.

Vanquished Creatures
  2 gnolls (D:2)
  A dart slug (D:1)
  7 hobgoblins (D:1)
  3 bats
  A frilled lizard (D:2)
  3 goblins
  3 kobolds (D:1)
  4 rats (D:1)
24 creatures vanquished.

Notes
Turn   | Place    | Note
-------+----------+-------------------------------------------
     0 | D:1      | Chirpers the Naga Fighter began the quest for the Orb.
     0 | D:1      | Reached XP level 1. HP: 21/21 MP: 1/1
    15 | D:1      | You fall into a shaft and drop 1 floor!
   182 | D:1      | Reached XP level 2. HP: 25/28 MP: 2/2
   589 | D:1      | You fall into a shaft and drop 1 floor!
  1067 | D:1      | Reached XP level 3. HP: 34/34 MP: 3/3
  1255 | D:2      | Slain by a gnoll

Illustrated notes

Levels and vault maps discovered:
D:1:      dpeg_arrival_round_a, layout_loops_ring
D:2:      layout_basic

Skill      XL: |  1  2  3 |
---------------+----------+-----
Armour         | 3 |  3.0
Fighting       | |  3.4
Axes           | |  2.0
Dodging        | |  0.5
Shields        | |  2.8

Action                   || total
-------------------------++-------
Melee: War axe           ||    64
 Abil: Spit Poison       ||     6
  Eat: Chunk             ||     1
Armor: Scale mail        ||    49
Dodge: Dodged            ||    20
Block: Kite shield       ||    30

Table legend:
 A = Non-vault XP
 B = Vault XP
 C = Vault XP percentage of total XP
 D = Non-vault monster count
 E = Vault monster count
 F = Vault count percentage of total count
                 A         B        C        D         E       F
            +---------+---------+-------+---------+---------+-------
      Total |      65 |       0 |   0.0 |      24 |       0 |   0.0
            +---------+---------+-------+---------+---------+-------
        D:1 |      33 |       0 |   0.0 |      19 |       0 |   0.0
        D:2 |      32 |       0 |   0.0 |       5 |       0 |   0.0
            +---------+---------+-------+---------+---------+-------
